PIO (24 & UNDER)
SASKATOON SMOKIN' GUNS @ CHULA VISTA TACOS
08/02/2024
 
TOP OF THE 1ST
Saskatoon Smokin' Guns batting - Pitching for Chula Vista Tacos : LHP Rafael Alemán
Pitching: LHP Rafael Alemán
Batting: RHB Chris Richards 0-0: Called Strike
0-1: DOUBLE (Line Drive, 7D)
Batting: LHB Bo Rush 0-0: Ball
1-0: Swinging Strike
1-1: SINGLE (Groundball, 2L) (infield hit)
Chris Richards to third
Batting: LHB José Liñares 0-0: DOUBLE (Line Drive, 3D)
Chris Richards scores
Bo Rush to third
Batting: RHB Eric Neal 0-0: Fly out, F8 (Flyball, 8LXD)
Runner from 3rd tags up, SCORES, no throw
José Liñares to third
Batting: LHB Russell Peck 0-0: Called Strike
0-1: Ball
1-1: Called Strike
1-2: Fly out, F7 (Flyball, 7S)
Batting: LHB Raúl Casillán 0-0: Ball
1-0: Foul Ball, location: 2F
1-1: Called Strike
1-2: Ball
2-2: Strikes out looking
Top of the 1st over - 2 run(s), 3 hit(s), 0 error(s), 1 left on base; Saskatoon 2 - Chula Vista 0
BOTTOM OF THE 1ST
Chula Vista Tacos batting - Pitching for Saskatoon Smokin' Guns : RHP Bernie Titus
Pitching: RHP Bernie Titus
Batting: RHB Ricardo Guzmán 0-0: Ball
1-0: Ball
2-0: Ball
3-0: Base on Balls
Batting: RHB José Oliveira 0-0: Called Strike
0-1: Foul Ball, location: 2F
0-2: Ball
1-2: Strikes out swinging
Batting: LHB Brent Alonzo 0-0: Ball
1-0: Fielders Choice at 2nd, 5-4 (Groundball, 56)
Batting: LHB Ray Bryant 0-0: Ball
1-0: Ball
2-0: Ball
Brent Alonzo is caught stealing 2nd base
Bottom of the 1st over - 0 run(s), 0 hit(s), 0 error(s), 0 left on base; Saskatoon 2 - Chula Vista 0
TOP OF THE 2ND
Saskatoon Smokin' Guns batting - Pitching for Chula Vista Tacos : LHP Rafael Alemán
Batting: SHB Michael Miller 0-0: Ball
1-0: Reached on error, E6 (Groundball, 6)
Batting: RHB Alvin Hampton 0-0: Ball
1-0: Called Strike
1-1: Ball
2-1: Reached on error, E6 (Groundball, 6M)
Michael Miller to second
Batting: RHB Jason O'Toole 0-0: Called Strike
0-1: Called Strike
0-2: Ball
1-2: Ball
2-2: SINGLE (Groundball, 6MD) (infield hit)
Michael Miller to third
Alvin Hampton to second
Batting: RHB Chris Richards 0-0: Ball
1-0: Foul Ball, location: 2F
1-1: Foul Ball, location: 2F
1-2: GRAND SLAM HOME RUN (Flyball, 7D), Distance : 406 ft
Batting: LHB Bo Rush 0-0: SINGLE (Line Drive, 89S)
Batting: LHB José Liñares 0-0: Called Strike
0-1: Called Strike
0-2: Ball
1-2: Ball
2-2: SINGLE (Flyball, 8RS)
Bo Rush to second
Batting: RHB Eric Neal 0-0: Called Strike
0-1: Foul Ball, location: 2F
0-2: Ball
1-2: Strikes out swinging
Batting: LHB Russell Peck 0-0: Ball
1-0: Foul Ball, location: 2F
1-1: Foul Ball, location: 2F
1-2: Ball
2-2: Foul Ball, location: 2F
2-2: Ball
3-2: Strikes out swinging
Batting: LHB Raúl Casillán 0-0: Ball
1-0: Foul Ball, location: 2F
1-1: Ball
2-1: Ball
3-1: Fly out, F9 (Popup, 9LM)
Top of the 2nd over - 4 run(s), 4 hit(s), 2 error(s), 2 left on base; Saskatoon 6 - Chula Vista 0
BOTTOM OF THE 2ND
Chula Vista Tacos batting - Pitching for Saskatoon Smokin' Guns : RHP Bernie Titus
Batting: LHB Ray Bryant 0-0: Swinging Strike
0-1: Foul Ball, location: 2F
0-2: Foul Ball, location: 2F
0-2: Ground out 5-3 (Groundball, 56)
Batting: RHB Armando Colón 0-0: Foul Ball, location: 2F
0-1: Called Strike
0-2: Strikes out swinging
Batting: LHB Ken Phillips 0-0: Ball
1-0: Fly out, F3 (Popup, 3S)
Bottom of the 2nd over - 0 run(s), 0 hit(s), 0 error(s), 0 left on base; Saskatoon 6 - Chula Vista 0
TOP OF THE 3RD
Saskatoon Smokin' Guns batting - Pitching for Chula Vista Tacos : LHP Rafael Alemán
Batting: SHB Michael Miller 0-0: Swinging Strike
0-1: Ball
1-1: Ball
2-1: Swinging Strike
2-2: Ball
3-2: Foul Ball, location: 2F
3-2: Reached on error, E5 (Groundball, 56)
Batting: RHB Alvin Hampton 0-0: Called Strike
0-1: Fly out, F7 (Flyball, 7S)
Batting: RHB Jason O'Toole 0-0: Foul Ball, location: 2F
0-1: SINGLE (Line Drive, 6M)
Michael Miller to second
Batting: RHB Chris Richards 0-0: Foul Ball, location: 2F
0-1: Fly out, F8 (Flyball, 8RM)
Batting: LHB Bo Rush 0-0: Ball
1-0: Called Strike
1-1: Ball
2-1: Ball
3-1: Base on Balls
Michael Miller to third
Jason O'Toole to second
Batting: LHB José Liñares 0-0: SINGLE (Line Drive, 8LS)
Michael Miller scores
Jason O'Toole to third
Bo Rush to second
Runner from 3rd tries for Home, SAFE, no throw or cutoff
Pitching: RHP Juan Salinas
Batting: RHB Eric Neal 0-0: Called Strike
0-1: Called Strike
0-2: Ball
1-2: Ball
2-2: Strikes out swinging
Top of the 3rd over - 2 run(s), 2 hit(s), 1 error(s), 2 left on base; Saskatoon 8 - Chula Vista 0
BOTTOM OF THE 3RD
Chula Vista Tacos batting - Pitching for Saskatoon Smokin' Guns : RHP Bernie Titus
Batting: RHB James Hunter 0-0: Ball
1-0: Swinging Strike
1-1: Foul Ball, location: 2F
1-2: Foul Ball, location: 2F
1-2: Ball
2-2: Foul Ball, location: 2F
2-2: Strikes out swinging
Batting: RHB Manny Torrez 0-0: Foul Ball, location: 2F
0-1: Called Strike
0-2: Foul Ball, location: 2F
0-2: Fly out, F8 (Flyball, 8RM)
Batting: LHB Joe Baker 0-0: Swinging Strike
0-1: Ball
1-1: DOUBLE (Line Drive, 9LM)
Batting: RHB Ricardo Guzmán 0-0: Ball
1-0: Fly out, F7 (Flyball, 7LM)
Bottom of the 3rd over - 0 run(s), 1 hit(s), 0 error(s), 1 left on base; Saskatoon 8 - Chula Vista 0
TOP OF THE 4TH
Saskatoon Smokin' Guns batting - Pitching for Chula Vista Tacos : RHP Juan Salinas
Batting: LHB Russell Peck 0-0: Ball
1-0: Ball
2-0: Ball
3-0: Base on Balls
Batting: LHB Raúl Casillán 0-0: Ball
1-0: Ball
2-0: Foul Ball, location: 2F
2-1: Fly out, F9 (Line Drive, 89D)
Batting: SHB Michael Miller 0-0: Ball
Russell Peck steals 2nd base
1-0: Ball
2-0: Foul Ball, location: 2F
2-1: Swinging Strike
2-2: Foul Ball, location: 2F
2-2: Strikes out swinging
Batting: RHB Alvin Hampton 0-0: Swinging Strike
0-1: Called Strike
0-2: Ball
1-2: Ball
2-2: Fly out, F4 (Popup, 4MD)
Top of the 4th over - 0 run(s), 0 hit(s), 0 error(s), 1 left on base; Saskatoon 8 - Chula Vista 0
BOTTOM OF THE 4TH
Chula Vista Tacos batting - Pitching for Saskatoon Smokin' Guns : RHP Bernie Titus
Batting: RHB José Oliveira 0-0: Ground out 5-3 (Groundball, 56S)
Batting: LHB Brent Alonzo 0-0: SINGLE (Groundball, 34D) (infield hit)
Batting: LHB Ray Bryant 0-0: Called Strike
Brent Alonzo steals 2nd base
0-1: Ground out 1-3 (Groundball, 25)
Batting: RHB Armando Colón 0-0: Ball
1-0: Fly out, F7 (Flyball, 7M)
Bottom of the 4th over - 0 run(s), 1 hit(s), 0 error(s), 1 left on base; Saskatoon 8 - Chula Vista 0
TOP OF THE 5TH
Saskatoon Smokin' Guns batting - Pitching for Chula Vista Tacos : RHP Juan Salinas
Batting: RHB Jason O'Toole 0-0: Called Strike
0-1: Ball
1-1: SINGLE (Groundball, 25) (infield hit)
Batting: RHB Chris Richards 0-0: Swinging Strike
0-1: Ball
1-1: Called Strike
1-2: 2-RUN HOME RUN (Line Drive, 78XD), Distance : 437 ft
Batting: LHB Bo Rush 0-0: Called Strike
0-1: Fly out, F7 (Flyball, 7D)
Batting: LHB José Liñares 0-0: Ball
1-0: Foul Ball, location: 2F
1-1: Swinging Strike
1-2: Fly out, F3 (Line Drive, 3L)
Batting: RHB Eric Neal 0-0: Ball
1-0: Swinging Strike
1-1: Called Strike
1-2: Strikes out looking
Top of the 5th over - 2 run(s), 2 hit(s), 0 error(s), 0 left on base; Saskatoon 10 - Chula Vista 0
BOTTOM OF THE 5TH
Chula Vista Tacos batting - Pitching for Saskatoon Smokin' Guns : RHP Bernie Titus
Batting: LHB Ken Phillips 0-0: Called Strike
0-1: Fly out, F4 (Popup, 4MD)
Batting: RHB James Hunter 0-0: Ground out 6-3 (Groundball, 6)
Batting: RHB Manny Torrez 0-0: Ball
1-0: Called Strike
1-1: Ball
2-1: Ground out 4-3 (Groundball, 4M)
Bottom of the 5th over - 0 run(s), 0 hit(s), 0 error(s), 0 left on base; Saskatoon 10 - Chula Vista 0
TOP OF THE 6TH
Saskatoon Smokin' Guns batting - Pitching for Chula Vista Tacos : RHP Juan Salinas
Batting: LHB Russell Peck 0-0: SINGLE (Line Drive, 4MD)
Batting: LHB Raúl Casillán 0-0: Ball
1-0: Ball
2-0: Called Strike
2-1: Ball
3-1: Base on Balls
Russell Peck to second
Pinch Hitting: RHB Raúl Méndez 0-0: Ball
1-0: Foul Ball, location: 2F
1-1: Called Strike
1-2: Ball
2-2: Strikes out swinging
Batting: RHB Alvin Hampton 0-0: Called Strike
0-1: Ball
1-1: Ball
2-1: Called Strike
2-2: Ball
3-2: DOUBLE (Line Drive, 7LM)
Russell Peck scores
Raúl Casillán to third
Raúl Casillán scores
Pitching: LHP Jeff Minnich
Batting: RHB Jason O'Toole 0-0: Foul Ball, location: 2F
0-1: Ball
Wild Pitch!
Alvin Hampton to third
1-1: DOUBLE (Line Drive, 5L)
Alvin Hampton scores
Batting: RHB Chris Richards 0-0: Ball
1-0: Ball
2-0: Ball
3-0: Called Strike
3-1: Base on Balls
Batting: LHB Bo Rush 0-0: Called Strike
Jason O'Toole steals 3rd base
Chris Richards to second
0-1: Ball
1-1: SINGLE (Line Drive, 4)
Jason O'Toole scores
Chris Richards to third
Runner from 3rd tries for Home, SAFE, throw made home
Batting: LHB José Liñares 0-0: Ball
1-0: Ball
2-0: Called Strike
2-1: Ball
3-1: Swinging Strike
3-2: Foul Ball, location: 2F
3-2: Strikes out swinging
Batting: RHB Eric Neal 0-0: Ball
1-0: Ball
2-0: Foul Ball, location: 2F
2-1: Fly out, F6 (Popup, 6D)
Top of the 6th over - 5 run(s), 4 hit(s), 0 error(s), 1 left on base; Saskatoon 15 - Chula Vista 0
BOTTOM OF THE 6TH
Chula Vista Tacos batting - Pitching for Saskatoon Smokin' Guns : RHP Bernie Titus
Now in RF: Raúl Méndez
Batting: LHB Joe Baker 0-0: Reached on Error, E7 (Flyball, 7D)
Batting: RHB Ricardo Guzmán 0-0: Called Strike
0-1: Foul Ball, location: 2F
0-2: Foul Ball, location: 2F
0-2: DOUBLE (Line Drive, 7LS)
Joe Baker scores
Batting: RHB José Oliveira 0-0: Called Strike
0-1: Ball
1-1: Foul Ball, location: 2F
1-2: Ball
2-2: Fly out, F5 (Popup, 15)
Batting: LHB Brent Alonzo 0-0: Ball
1-0: Ball
2-0: Called Strike
2-1: Ball
3-1: Base on Balls
Pinch Hitting: RHB John Nelson 0-0: Called Strike
Ricardo Guzmán steals 3rd base
Brent Alonzo to second
0-1: Ball
1-1: SINGLE (Line Drive, 34)
Ricardo Guzmán scores
Brent Alonzo to third
Runner from 3rd tries for Home, SAFE, no throw or cutoff
Batting: RHB Armando Colón 0-0: Called Strike
0-1: Foul Ball, location: 2F
0-2: Strikes out swinging
Batting: LHB Ken Phillips 0-0: Ball
1-0: Called Strike
1-1: Ball
2-1: Fly out, F9 (Flyball, 89M)
Bottom of the 6th over - 3 run(s), 2 hit(s), 1 error(s), 1 left on base; Saskatoon 15 - Chula Vista 3
TOP OF THE 7TH
Saskatoon Smokin' Guns batting - Pitching for Chula Vista Tacos : LHP Jeff Minnich
Now at 3B: John Nelson
Batting: LHB Russell Peck 0-0: Ground out 4-3 (Groundball, 34)
Batting: LHB Raúl Casillán 0-0: Ball
1-0: Ball
2-0: Called Strike
2-1: Ball
3-1: Fly out, F3 (Popup, 3SF)
Batting: RHB Raúl Méndez 0-0: Ball
1-0: Ground out 6-3 (Groundball, 6)
Top of the 7th over - 0 run(s), 0 hit(s), 0 error(s), 0 left on base; Saskatoon 15 - Chula Vista 3
BOTTOM OF THE 7TH
Chula Vista Tacos batting - Pitching for Saskatoon Smokin' Guns : RHP Bernie Titus
Batting: RHB James Hunter 0-0: Called Strike
0-1: Foul Ball, location: 2F
0-2: Ball
1-2: Strikes out swinging
Batting: RHB Manny Torrez 0-0: Swinging Strike
0-1: Swinging Strike
0-2: Ball
1-2: Strikes out swinging
Batting: LHB Joe Baker 0-0: Foul Ball, location: 2F
0-1: Ball
1-1: Ball
2-1: Ball
3-1: Called Strike
3-2: Foul Ball, location: 2F
3-2: Strikes out looking
Bottom of the 7th over - 0 run(s), 0 hit(s), 0 error(s), 0 left on base; Saskatoon 15 - Chula Vista 3
TOP OF THE 8TH
Saskatoon Smokin' Guns batting - Pitching for Chula Vista Tacos : LHP Jeff Minnich
Batting: RHB Alvin Hampton 0-0: Ball
1-0: Foul Ball, location: 2F
1-1: Swinging Strike
1-2: Fly out, F9 (Flyball, 89M)
Pitching: RHP Andre Huff
Batting: RHB Jason O'Toole 0-0: Called Strike
0-1: Swinging Strike
0-2: Strikes out looking
Batting: RHB Chris Richards 0-0: Foul Ball, location: 2F
0-1: Ball
1-1: Ball
2-1: Ball
3-1: Base on Balls
Batting: LHB Bo Rush 0-0: Ball
1-0: Foul Ball, location: 2F
1-1: Ground out 1-3 (Groundball, 15)
Top of the 8th over - 0 run(s), 0 hit(s), 0 error(s), 1 left on base; Saskatoon 15 - Chula Vista 3
BOTTOM OF THE 8TH
Chula Vista Tacos batting - Pitching for Saskatoon Smokin' Guns : RHP Bernie Titus
Pitching: RHP Daniel Casey
Batting: RHB Ricardo Guzmán 0-0: Called Strike
0-1: Swinging Strike
0-2: Strikes out looking
Batting: RHB José Oliveira 0-0: Ball
1-0: Called Strike
1-1: Foul Ball, location: 2F
1-2: Ball
2-2: Ball
3-2: Strikes out looking
Batting: LHB Brent Alonzo 0-0: SINGLE (Line Drive, 8LS)
Batting: RHB John Nelson 0-0: Ball
1-0: Called Strike
1-1: Called Strike
1-2: Ground out 4-3 (Groundball, 4)
Bottom of the 8th over - 0 run(s), 1 hit(s), 0 error(s), 1 left on base; Saskatoon 15 - Chula Vista 3
TOP OF THE 9TH
Saskatoon Smokin' Guns batting - Pitching for Chula Vista Tacos : RHP Andre Huff
Batting: LHB José Liñares 0-0: Ground out 4-3 (Groundball, 34)
Batting: RHB Eric Neal 0-0: Called Strike
0-1: Ball
1-1: Ball
2-1: Ball
3-1: Base on Balls
Batting: LHB Russell Peck 0-0: Called Strike
0-1: Ball
1-1: Fly out, F6 (Popup, 56D)
Batting: LHB Raúl Casillán 0-0: Swinging Strike
0-1: Ball
1-1: Swinging Strike
1-2: Strikes out swinging
Top of the 9th over - 0 run(s), 0 hit(s), 0 error(s), 1 left on base; Saskatoon 15 - Chula Vista 3
BOTTOM OF THE 9TH
Chula Vista Tacos batting - Pitching for Saskatoon Smokin' Guns : RHP Daniel Casey
Batting: RHB Armando Colón 0-0: Ball
1-0: Ball
2-0: Ball
3-0: Base on Balls
Batting: LHB Ken Phillips 0-0: Called Strike
0-1: Ball
1-1: Foul Ball, location: 2F
1-2: Strikes out swinging
Batting: RHB James Hunter 0-0: Swinging Strike
0-1: Swinging Strike
0-2: Ball
1-2: Ball
2-2: Strikes out looking
Batting: RHB Manny Torrez 0-0: Swinging Strike
0-1: Ground out 4-3 (Groundball, 4)
Bottom of the 9th over - 0 run(s), 0 hit(s), 0 error(s), 1 left on base; Saskatoon 15 - Chula Vista 3
This league is powered by Out of the Park Baseball, the baseball management simulation game for PC, Mac and Linux
Saturday, April 9th, 2016 - OOTP Baseball 16.8 Build 38